 Dungeon Crawl Stone Soup version 0.31.0-4-g52a2dc7128 (webtiles) character file.

Game seed: 7854342430380993790

86 RancidPinata the Sneak (level 4, -7/33 HPs)
             Began as an Octopode Delver on Jan 22, 2024.
             Mangled by an ice beast (8 damage)
             ... on level 5 of the Dungeon.
             The game lasted 00:02:46 (446 turns).

RancidPinata the Sneak (Octopode Delver)             Turns: 446, Time: 00:02:46

Health: -7/33      AC:  1    Str: 13    XL:     4   Next: 50%
Magic:  4/4        EV: 14    Int: 12    God:
Gold:   16         SH:  0    Dex: 13    Spells: 3/3 levels left

rFire   . . .        a - +0 short sword
rCold   . . .        (no shield)
rNeg    . . .        (helmet restricted)
rPois   .            (no amulet)
rElec   .            h - ring of see invisible
rCorr   .            (no ring)
SInv    +            (no ring)
Will    .....        (no ring)
Stlth   ++++         (no ring)
HPRegen 0.25/turn    (no ring)
MPRegen 0.09/turn    (no ring)
                     (no ring)

%: no passive effects
@: no status effects
A: almost no armour, amphibious, 8 rings, camouflage 1, gelatinous body 1,
(nimble swimmer 1), tentacles
a: no special abilities


You were on level 5 of the Dungeon.
You visited 1 branch of the dungeon, and saw 2 of its levels.

You collected 16 gold pieces.

Inventory:

Hand Weapons
 a - a +0 short sword (weapon)
Missiles
 g - 2 poisoned darts (quivered)
Jewellery
 h - a ring of see invisible (left tentacle)
Wands
 f - a wand of digging (3)
Scrolls
 b - a scroll of fog
 c - a scroll of revelation
 d - a scroll of fear
 i - 3 scrolls of noise {unknown}
Potions
 e - a potion of haste


   Skills:
 * Level 3.8 Fighting
 + Level 2.5 Short Blades
 * Level 3.1 Dodging
 + Level 7.0 Stealth


You had 3 spell levels left.
You didn't know any spells.
Your spell library contained the following spells:

 Spells                   Type           Power      Damage    Failure   Level
 Ensorcelled Hibernation  Hex/Ice        0%         N/A       45%         2
 Fugue of the Fallen      Necr           0%         N/A       69%         3
 Anguish                  Hex/Necr       0%         N/A       97%         4


Dungeon Overview and Level Annotations

Branches:
Dungeon (6/15)             Temple (0/1) D:5

Altars:
Elyvilon
Kikubaaqudgha
Trog
Yredelemnul

Portals:
Sewer: D:5


Innate Abilities, Weirdness & Mutations

You cannot wear most types of armour.
You are amphibious.
You can wear up to eight rings at the same time.
Your skin changes colour to match your surroundings (Stealth+).
Your rubbery body absorbs attacks. (AC +1, EV +1)
((You are camouflaged when in or above water. (Stealth+)))
You have tentacles for arms and can constrict up to eight enemies at once.


Message History

A scorpion and an adder come into view.
You close the door.
An adder comes into view.
Found 16 gold pieces.
Found a basalt altar of Yredelemnul.
You hear the quick rusting of a drain nearby.
An acid dragon comes into view.
The helpless adder fails to defend itself.
You impale the adder!!
You kill the adder!
You enter the deep water.
You see here 16 gold pieces.
You now have 16 gold pieces.
The acid dragon roars!
You hear a shout!
The acid dragon spits acid at you. The splash of acid misses you.
You hear a shout!
You hit the bush but do no damage.
Found 3 scrolls labelled UCEABE ITEB.
Found a stone staircase leading down.
An ice beast comes into view.
A giant cockroach comes into view.
Found a glowing drain.
A quokka comes into view.
A giant cockroach comes into view.
The ice beast hits you. The ice beast freezes you!
You closely miss the ice beast. You squeeze the ice beast.
The ice beast is moderately wounded.
The ice beast hits you. The ice beast freezes you!
You hit the ice beast but do no damage.
The ice beast is moderately wounded.
You hit the ice beast.
The ice beast is moderately wounded.
The ice beast hits you. The ice beast freezes you!
* * * LOW HITPOINT WARNING * * *
You hit the ice beast but do no damage. You squeeze the ice beast.
The ice beast is moderately wounded.
The ice beast hits you.
* * * LOW HITPOINT WARNING * * *
The ice beast freezes you!
You die...

#.....##.###...PPPP..
#...>................
#.....##.###.........
#.....##.# ##...≈≈≈≈≈
#.....##.# #...≈≈≈≈≈
####.###.# #........
#.# #.#####.......
##.#.?B.....D..##.#
#.@.# .. ...... #..
#~Y~# ...... ###
#~r~# ...... #~~~#
... #~~~# #B∩~# #~~~#
#B~~#


You could see an ice beast, a bombardier beetle, a quokka and 2 giant
cockroaches.

Vanquished Creatures
  A jelly (D:5)
  A hound (D:5)
  3 adders (D:5)
5 creatures vanquished.

Notes
Turn   | Place    | Note
-------+----------+-------------------------------------------
     0 | D:5      | RancidPinata the Octopode Delver began the quest for the
                  | Orb.
     0 | D:5      | Reached XP level 1. HP: 16/16 MP: 1/1
     3 | D:6      | Noticed an ogre
    69 | D:5      | Reached XP level 2. HP: 9/21 MP: 2/2
   129 | D:5      | Found a staircase to the Ecumenical Temple.
   130 | D:5      | Noticed a bombardier beetle
   133 | D:5      | Noticed a bombardier beetle
   185 | D:5      | Reached XP level 3. HP: 19/26 MP: 3/3
   365 | D:5      | Found a bloodstained altar of Trog.
   365 | D:5      | Found a white marble altar of Elyvilon.
   365 | D:5      | Found an ancient bone altar of Kikubaaqudgha.
   372 | D:5      | Reached skill level 7 in Stealth
   372 | D:5      | Reached XP level 4. HP: 33/33 MP: 4/4
   400 | D:5      | Noticed a scorpion
   406 | D:5      | Found a basalt altar of Yredelemnul.
   408 | D:5      | Noticed an acid dragon
   439 | D:5      | Noticed an ice beast
   440 | D:5      | Found a glowing drain.
   446 | D:5      | HP: 1/33 [ice beast (1)]
   446 | D:5      | Mangled by an ice beast

Illustrated notes

Levels and vault maps discovered:
D:5:      nicolae_cairo_tiling_very_big, layout_basic,
          chequers_temple_overflow_statue_of_worship,
          mainiacjoe_overflow_chevrons, minmay_temple_entry_purple_smoke,
          portal_sewer_entry_f
D:6:      layout_cave_pods, amcnicky_altar_gilded, ebering_ghost_inner_flame,
          uniq_pikel

Skill      XL: |  1  2  3 |
---------------+----------+-----
Dodging        | 3 |  3.1
Stealth        | 7 |  7.0
Fighting       | |  3.8
Short Blades   | |  2.5

Action                     |  1- 3 |  4- 6 || total
---------------------------+-------+-------++-------
  Melee: Short sword       |    10 |     6 ||    16
         Tentacles         |     3 |     2 ||     5
         Constrict         |     1 |       ||     1
   Stab: Sleeping          |     2 |     1 ||     3
 Armour: Skin              |     5 |     4 ||     9
  Dodge: Dodged            |     3 |     1 ||     4
